[Event "*** Monthly 3|2 Blitz Masters"]
[Site "Chess.com"]
[Date "2014.10.28"]
[Round "5"]
[White "jcibarra"]
[Black "SabinaFoisor"]
[Result "1-0"]
[WhiteElo "2455"]
[BlackElo "2260"]
[TimeControl "180+2"]
[EndTime "12:52:39 PDT"]
[Termination "jcibarra won by resignation"]

1. e4 e6 2. d4 d5 3. Nc3 Bb4 4. e5 c5 5. Bd2 Ne7 6. dxc5 Bxc5 7. Na4 Bd4 8. Nf3 Bd7 9. Nxd4 Bxa4 10. Qg4 Qc7 11. O-O-O Bd7 12. Qxg7 Rg8 13. Qxh7 Qxe5 14. Nf3 Qf5 15. Qxf5 Nxf5 16. Ne5 Nc6 17. Nxd7 Kxd7 18. g3 Rac8 19. Kb1 Ncd4 20. Bd3 Nd6 21. Be3 Nc6 22. h4 a6 23. c3 Ne5 24. Be2 f5 25. h5 Ne4 26. h6 Nf7 27. Rh4 Rh8 28. g4 fxg4 29. Rxg4 Ke7 30. Rh1 Rcg8 31. Rxg8 Rxg8 32. c4 Nf6 33.
cxd5 exd5 34. Bd4 Nh7 35. Bd3 Nfg5 36. Bg7 Kf7 37. Rh5 Re8 38. f4 Ne4 39. Rxd5 Nhf6 40. Re5 Nd2+ 41. Kc2 Rxe5 42. fxe5 Nfe4 43. e6+ Kxe6 44.
h7 1-0

[Event "*** Monthly 3|2 Blitz Masters"]
[Site "Chess.com"]
[Date "2014.10.28"]
[Round "5"]
[White "alexsuper1987"]
[Black "JamesColeman"]
[Result "1-0"]
[WhiteElo "2063"]
[BlackElo "2306"]
[TimeControl "180+2"]
[EndTime "12:52:42 PDT"]
[Termination "alexsuper1987 won by resignation"]

1. e4 e5 2. d4 exd4 3. Nf3 Nc6 4.
c3 d5 5. exd5 Qxd5 6. cxd4 Bg4 7. Be2 Bb4+ 8. Nc3 Bxf3 9. Bxf3 Qc4 10. Qb3 Qxb3 11. axb3 Nge7 12. Be3 O-O-O 13. O-O Kb8 14. Ra4 Ba5 15. d5 Ne5 16. Rxa5 Nxf3+ 17. gxf3 a6 18.
b4 Rhe8 19. Rd1 Nf5 20. Bf4 Nh4 21. b5 Nxf3+ 22. Kg2 Nh4+ 23. Kh3 Ng6 24. Bg3 f5 25. bxa6 bxa6 26. Rxa6 f4 27. Bh4 Rd6 28. Rxd6 cxd6 29. Nb5 Re5 30. Kg4 Re2 31. Nxd6 Nxh4 32. Kxh4 Rxf2 33. h3 Kc7 34. Ne8+ Kd7 35. Nxg7 Rxb2 36. Kg4 Rg2+ 37. Kxf4 Rxg7 38. Kf5 Kd6 39. h4 Rg2 40. h5 h6 41. Kf6 Rg5 42. Ra1 Rxh5 43. Ra6+ Kd7 44. Ra7+ Kd6 45. Ra6+ Kd7 46. Ra7+ Kd6 47.
Ra6+ Kc7 48. Ke6 Kb7 49. Ra1 Rh2 50. Rc1 Re2+ 51. Kf7 h5 52. d6 h4 53. d7 Rd2 54. Ke7 Re2+ 55. Kf7 Rf2+ 56. Ke8 Re2+ 57. Kd8 h3 58. Rb1+ Ka7 59. Kc7 Rc2+ 60. Kd6 h2 61. Ra1+ Kb6 62. d8=Q+ 1-0

[Event "*** Monthly 3|2 Blitz Masters"]
[Site "Chess.com"]
[Date "2014.10.28"]
[Round "5"]
[White "jbj"]
[Black "ruzomberok"]
[Result "1-0"]
[WhiteElo "2280"]
[BlackElo "2213"]
[TimeControl "180+2"]
[EndTime "12:52:49 PDT"]
[Termination "jbj won by checkmate"]

1. e4 e5 2. Nf3 Nc6 3. Bc4 Nf6 4.
d3 Be7 5. c3 O-O 6. Bb3 d5 7.
Qe2 dxe4 8. dxe4 Bc5 9. O-O h6 10. Rd1 Qe7 11. h3 Be6 12. Be3 Bxb3 13. axb3 Nxe4 14.
b4 Bxe3 15. Qxe3 Nd6 16. Rd5 Qe6 17. Rc5 Nc4 18. Qe2 e4 19. Rxc4 exf3 20. Qxe6 fxe6 21. b5 Ne5 22. Rxc7 fxg2 23. Kxg2 Nd3 24. f3 Ne1+ 25.
Kh2 Nxf3+ 26. Kg3 Ng5 27. Nd2 Rad8 28. h4 Rd3+ 29. Kg4 Rxd2 30. hxg5 Rg2+ 31. Kh3 Rxg5 32. Rxa7 Rf3+ 33. Kh2 Rf2+ 34. Kh3 Rf1 35. Kh2 h5 36. Raxb7 h4 37. Rc4 Rf2+ 38. Kh3 Rg3+ 39. Kxh4 Rg1 40. Rg4 Rh2+ 41. Kg5 Rf1 42. Rb8+ Kf7 43. Rf4+ Rxf4 44. Kxf4 Rxb2 45. Ke5 Re2+ 46. Kd4 Ke7 47. c4 Kd7 48. Rb7+ Kc8 49. Rxg7 Rd2+ 50. Kc5 e5 51. Re7 Re2 52. Kc6 Kd8 53. Rd7+ Ke8 54. c5 e4 55. b6 e3 56. b7 Rb2 57. Rd4 e2 58. Re4+ Kd8 59. Rxe2 Rb6+ 60. Kxb6 Kd7 61. c6+ Kd6 62. c7 Kd7 63.
c8=Q+ Kd6 64. Qc6# 1-0

[Event "*** Monthly 3|2 Blitz Masters"]
[Site "Chess.com"]
[Date "2014.10.28"]
[Round "5"]
[White "oggy1984"]
[Black "liczner"]
[Result "0-1"]
[WhiteElo "2222"]
[BlackElo "2412"]
[TimeControl "180+2"]
[EndTime "12:52:53 PDT"]
[Termination "liczner won on time"]

1. e4 c5 2. Ne2 Nc6 3. Nbc3 g6 4. g3 Bg7 5. Bg2 e6 6. O-O Nge7 7. d3 O-O 8. f4 d6 9. h3 Rb8 10. a4 a6 11. g4 b5 12. axb5 axb5 13. Ng3 Nd4 14. h4 f5 15. g5 Bb7 16. h5 Qd7 17.
Be3 b4 18. Na4 Bc6 19. b3 Ra8 20. hxg6 hxg6 21. Nb6 Rxa1 22. Qxa1 Qc7 23. Qa6 Nxc2 24. Bf2 fxe4 25. Nxe4 Rxf4 26. Bg3 Rxf1+ 27. Bxf1 Nf5 28. Bh2 Ncd4 29. Bg2 Qb7 30. Qxb7 Bxb7 31. Nxd6 Bxg2 32. Kxg2 Nxb3 33. Ne4 Bd4 34. Nd7 Kf7 35. Ne5+ Bxe5 36.
Bxe5 Nc1 37. Nxc5 Ne3+ 38. Kf3 Nd5 39. Kf2 Ke7 40. Ke1 Na2 41. Kd2 Nac3 0-1

[Event "*** Monthly 3|2 Blitz Masters"]
[Site "Chess.com"]
[Date "2014.10.28"]
[Round "5"]
[White "David_Klein"]
[Black "vovkcoach"]
[Result "0-1"]
[WhiteElo "2364"]
[BlackElo "2518"]
[TimeControl "180+2"]
[EndTime "12:52:55 PDT"]
[Termination "vovkcoach won by resignation"]

1. e4 c5 2. Nf3 e6 3. g3 Nc6 4.
Bg2 Nf6 5. Qe2 d6 6. O-O Be7 7. c3 O-O 8. Rd1 Bd7 9. d4 cxd4 10. cxd4 d5 11. e5 Ne4 12. Be3 Qb6 13. Ne1 f5 14.
f3 Ng5 15. Nd3 Nxd4 16. Qf2 Ndxf3+ 17. Bxf3 Nh3+ 18. Kg2 Nxf2 19. Bxb6 Nxd1 20. Bd4 Nxb2 21. Nxb2 Rac8 22. Nc3 f4 23. Nd3 fxg3 24. hxg3 Rc4 25. Ne2 Rc2 26. Rb1 b6 27. Kf2 Be8 28. Ke3 Rxa2 29. Nef4 Ra3 30. Rc1 Bb5 31. Rc7 Bg5 32.
Be2 Bxf4+ 33. gxf4 h5 34. Bb2 Rb3 35. Bd4 h4 36.
Rxa7 Rb1 37. Rb7 Ba6 38. Rxb6 Rxb6 39. Bxb6 h3 40. Bf3 Bxd3 41. Kxd3 Rxf4 42. Ke3 Rb4 43. Ba5 Rb3+ 44. Kf2 h2 45. Bh1 Rb1 46. Kg2 Rb2+ 47. Kg3 d4 48. Be4 Re2 49. Bh1 d3 50. Kf3 Ra2 51. Bc3 Ra3 52. Bd2 Ra1 0-1

[Event "*** Monthly 3|2 Blitz Masters"]
[Site "Chess.com"]
[Date "2014.10.28"]
[Round "5"]
[White "GeorgMeier"]
[Black "Nouki"]
[Result "1/2-1/2"]
[WhiteElo "2544"]
[BlackElo "2592"]
[TimeControl "180+2"]
[EndTime "12:53:10 PDT"]
[Termination "Game drawn by repetition"]

1. Nf3 Nf6 2. g3 d5 3. Bg2 c6 4. O-O Bg4 5. c4 e6 6. d3 Be7 7.
h3 Bh5 8. Qb3 Qb6 9. Qc2 Nbd7 10. Be3 Bc5 11. Bxc5 Qxc5 12. Nbd2 O-O 13. Rfc1 Qd6 14. b4 a5 15. a3 Bxf3 16. Nxf3 axb4 17. axb4 Rxa1 18. Rxa1 Qxb4 19. Rb1 Qd6 20. Rxb7 Rb8 21. Rxb8+ Qxb8 22. Nd4 Qb6 23. e3 h5 24. Bf1 Ne5 25.
c5 Qb7 26. Be2 Ned7 27. Kg2 g6 28. Qc3 e5 29. Nf3 Qc7 30. Qb4 Kg7 31. Bd1 e4 32. Ne1 h4 33. gxh4 Qe5 34. d4 Qe6 35. Kg3 Nh5+ 36.
Bxh5 gxh5 37. Ng2 Qg6+ 38. Kh2 Nf8 39. Nf4 Qf5 40. Qe1 Ng6 41. Qg1 Kh6 42. Nxg6 fxg6 43.
Qg3 Kg7 44. Kg2 Kh6 45. Kh2 Kg7 46. Kg1 Kh6 47. Kg2 Qf6 48. Kf1 Qf5 49. Ke1 Qc8 50. Qg5+ Kg7 51. Qe5+ Kh7 52. Qe7+ Kh6 53. Qg5+ Kg7 54.
Qg3 Qa6 55. Qe5+ Kg8 56. Qe6+ Kg7 57. f3 Qd3 58. Qe7+ Kg8 59. Qe8+ Kg7 60. Qe5+ Kg8 61.
Qf4 Qc3+ 62. Kf2 Qd2+ 63. Kf1 Qd1+ 64. Kf2 Qd2+ 65. Kf1 Qd1+ 66. Kf2 Qd2+ 67. Kf1 Qd1+ 68. Kf2 Qd2+ 69. Kf1 Qd1+ 1/2-1/2

[Event "*** Monthly 3|2 Blitz Masters"]
[Site "Chess.com"]
[Date "2014.10.28"]
[Round "5"]
[White "KaydenTroffChess"]
[Black "GMNeiksans"]
[Result "1/2-1/2"]
[WhiteElo "2369"]
[BlackElo "2481"]
[TimeControl "180+2"]
[EndTime "12:53:55 PDT"]
[Termination "Game drawn - insufficient material"]

1. d4 Nf6 2. c4 e6 3. Nf3 b6 4. a3 Bb7 5. Nc3 Ne4 6. Nxe4 Bxe4 7.
e3 Be7 8. Bd3 Bxd3 9. Qxd3 d5 10. O-O O-O 11. e4 dxe4 12. Qxe4 Nd7 13. Qc6 Nf6 14.
Bf4 Qd7 15. Ne5 Qxd4 16. Bg3 Bd6 17. Rad1 Qxb2 18. Nf3 Qxa3 19. Rxd6 cxd6 20. Bxd6 Rac8 21. Qxc8 Qxd6 22. Qb7 Qb8 23. Qa6 Qc7 24. Rd1 h6 25. h3 Rc8 26. Ne5 g6 27. Rd3 Kg7 28. Qa1 Rd8 29.
Rxd8 Qxd8 30. Qxa7 Qe8 31. Qxb6 Ne4 32. Qd4 Nf6 33. Ng4 e5 34. Qxe5 Qxe5 35. Nxe5 Ne4 36.
f3 Nc5 37. Kf2 Kf6 38. Ng4+ Kg7 39. Ke3 h5 40. Ne5 Kf6 41. Nd3 Ne6 42. Ke4 Ke7 43. c5 Kd7 44. Ne5+ Kc7 45. Nxf7 Nxc5+ 46. Ke5 Nd3+ 47.
Kf6 Ne1 48. Kxg6 Nxg2 49. Kxh5 Kd7 50. Kg4 Ke6 51. Ng5+ Ke5 52. h4 Ne3+ 53. Kh3 Kf4 54. Ne6+ Kxf3 55. h5 Nf5 56. Ng5+ Kf4 57. Nf7 Nh6 58. Nxh6 Kg5 59. Ng4 Kxh5 1/2-1/2

[Event "*** Monthly 3|2 Blitz Masters"]
[Site "Chess.com"]
[Date "2014.10.28"]
[Round "5"]
[White "XeresLt"]
[Black "marabu44"]
[Result "1-0"]
[WhiteElo "2279"]
[BlackElo "2215"]
[TimeControl "180+2"]
[EndTime "12:53:58 PDT"]
[Termination "XeresLt won by resignation"]

1. e4 e6 2. d4 d5 3. Nc3 Bb4 4. e5 c5 5. a3 Bxc3+ 6. bxc3 Ne7 7. Bd3 b6 8. Qg4 Ng6 9. h4 c4 10. Be2 Rg8 11. h5 Nf8 12. Nh3 h6 13. Bxh6 Nc6 14. Bxg7 Ne7 15. h6 Nf5 16. Nf4 Nh7 17.
Rh5 Bd7 18. Bf3 Qe7 19. Kd2 O-O-O 20. a4 Kb8 21. a5 b5 22. Be2 a6 23. Qh3 Nxg7 24.
hxg7 Ng5 25. Qh4 Ne4+ 26. Ke3 Qxh4 27. Rxh4 Rxg7 28. Ra3 Rdg8 29. f3 Ng3 30. Kf2 Nxe2 31. Kxe2 Kc7 32. Kf2 Kd8 33. g4 Ke7 34. Ra1 Rb8 35. Rb1 Rc8 36. Ke3 Rgg8 37. Rh7 Rh8 38. Rbh1 Rxh7 39. Rxh7 Be8 40. g5 Kf8 41. Nh5 Rb8 42.
Rh8+ Ke7 43. Nf6 Rc8 44. f4 Rb8 45. Kf3 Rc8 46. Kg4 Rb8 47. Kh5 Ra8 48. Kh6 Bc6 49.
Rxa8 Bxa8 50. Kg7 b4 51. cxb4 c3 52. Ng4 Bc6 53. Ne3 Ba4 54. Nd1 Bxc2 55. Nxc3 Bd3 56. Na4 Ke8 57. Nc5 Ke7 58. Nb7 Be2 59. Nd6 Bh5 60. b5 axb5 61. a6 b4 62. a7 1-0

[Event "*** Monthly 3|2 Blitz Masters"]
[Site "Chess.com"]
[Date "2014.10.28"]
[Round "5"]
[White "THORK"]
[Black "Time2Pretend"]
[Result "1-0"]
[WhiteElo "2176"]
[BlackElo "2314"]
[TimeControl "180+2"]
[EndTime "12:54:07 PDT"]
[Termination "THORK won by resignation"]

1. e4 e5 2. Bc4 Nf6 3. d3 Nc6 4.
Nc3 Na5 5. Nge2 d6 6. O-O Be7 7. Bb3 O-O 8. f4 c6 9. fxe5 dxe5 10. h3 Nxb3 11. axb3 Be6 12. Kh2 h6 13. Ng3 Re8 14. Nf5 Bf8 15. Qf3 h5 16. Nh6+ Kh7 17. Nf5 g6 18.
Ng3 Bg7 19. Bg5 Ng4+ 20. Qxg4 hxg4 21. Bxd8 Rexd8 22. h4 Bh6 23. Nge2 Kg7 24. g3 Be3 25. Kg2 f5 26. Rh1 f4 27. gxf4 exf4 28. Kf1 f3 29. Ng3 Rf8 30. Nd1 Bd4 31. c3 Be5 32.
Kf2 Bxb3 33. Ne3 Rad8 34. d4 Bb8 35. e5 c5 36. Rad1 Bxd1 37. Rxd1 cxd4 38. cxd4 a6 39. Nxg4 Ba7 40. e6 Bxd4+ 41. Kf1 Rfe8 42. h5 Rxe6 43. h6+ Kh7 44. Rd3 Bb6 45. Rxf3 Re7 46. Kg2 Rd2+ 47.
Kh3 Rxb2 48. Ne4 Bd4 49. Ng5+ Kg8 50. Rd3 Rb4 51. Kg3 Rb5 52. h7+ Kh8 53. Kh4 Rd5 54. Rf3 Rxh7+ 55. Nxh7 Kxh7 56. Rf7+ Bg7 57. Nf6+ Kh6 58.
Nxd5 b5 59. Ra7 Bd4 60. Rxa6 Bf2+ 61. Kg4 Be1 62. Nf4 b4 63. Rxg6+ Kh7 64. Rb6 Kg7 65. Kf5 Bc3 66. Nh5+ Kf7 67. Rb7+ Ke8 68. Nf6+ Kd8 69. Nd5 Kc8 70. Rh7 Bd2 71. Rh2 Be1 72. Re2 Bc3 73. Nxc3 bxc3 74. Rc2 Kd7 75. Rxc3 Kd6 76. Rd3+ Kc5 1-0

[Event "*** Monthly 3|2 Blitz Masters"]
[Site "Chess.com"]
[Date "2014.10.28"]
[Round "5"]
[White "Th3ChessViking"]
[Black "wannabe2700"]
[Result "1-0"]
[WhiteElo "2387"]
[BlackElo "2287"]
[TimeControl "180+2"]
[EndTime "12:54:36 PDT"]
[Termination "Th3ChessViking won by checkmate"]

1. d4 e6 2. Nf3 f5 3. Bf4 Nf6 4. e3 Be7 5. Nbd2 O-O 6. Bc4 b6 7. c3 Bb7 8. Qc2 Ne4 9. h3 d6 10. Bxe6+ Kh8 11. Bxf5 Nxd2 12. Kxd2 g6 13. Bd3 Nd7 14.
h4 Nf6 15. Ng5 Qd7 16. f3 Nh5 17. Bh2 Ng7 18. e4 c5 19. d5 b5 20. c4 bxc4 21.
Bxc4 Bxg5+ 22. hxg5 Qe7 23. f4 Rab8 24. Rae1 Bc8 25. Qc3 Kg8 26. e5 Nf5 27. e6 Nd4 28.
g4 Rb4 29. Ref1 Qd8 30. Bg1 Qb6 31. b3 Ba6 32. Bxd4 cxd4 33. Qh3 h5 34. gxh5 Rxc4 35. hxg6 Qb4+ 36. Kd1 Rc1+ 37. Kxc1 Qc3+ 38. Qxc3 dxc3 39. Rf3 Be2 40. Rfh3 Rxf4 41. e7 Re4 42. Rh8+ Kg7 43.
e8=Q Rxe8 44. Rxe8 Bf3 45. Rh3 Bxd5 46. Rxc3 Kxg6 47. Rg3 Bf7 48. Re7 d5 49. Rxa7 d4 50. Kd2 Be6 51. Rg1 Bf5 52. b4 d3 53. a3 Be4 54. a4 Kh5 55. a5 Kg6 56. Rc7 Kf5 57.
Rc5+ Kf4 58. b5 Kf3 59. b6 Kf4 60. g6 Kf3 61. g7 Kf2 62. Rgg5 Bg2 63. a6 Bf3 64. a7 Bg2 65. g8=N Bf3 66. Kxd3 Bg2 67. Kd4 Bf3 68. Ke5 Bg2 69. Kd6 Bf3 70. Kc7 Bg2 71. Kb8 Bf3 72. Kc8 Bg2 73. Kd8 Bf3 74. Ke7 Bg2 75. Kf8 Bf3 76. Kg7 Bg2 77. Kh8 Bf3 78. Rg7 Bg2 79. Rcc7 Bf3 80. b7 Bg2 81. b8=B Bf3 82.
a8=Q Bg2 83. Qf3+ Bxf3 84. Rce7 Bg2 85. Rg5 Bf3 86. Ree5 Bg2 87. Kg7 Bf3 88. Kf6 Bg2 89.
Re7 Bf3 90. Rg3 Bg2 91. Kg5 Bf3 92. Kf4 Bg2 93. Ree3 Bf3 94. Nf6 Bg2 95. Nh7 Bf3 96. Ng5 Bg2 97. Be5 Bf1 98. Ne4# 1-0

[Event "*** Monthly 3|2 Blitz Masters"]
[Site "Chess.com"]
[Date "2014.10.28"]
[Round "6"]
[White "ruzomberok"]
[Black "brauliocuarta"]
[Result "1-0"]
[WhiteElo "2219"]
[BlackElo "1965"]
[TimeControl "180+2"]
[EndTime "12:59:37 PDT"]
[Termination "ruzomberok won by resignation"]

1. d4 Nf6 2. Bg5 Ne4 3. h4 c5 4. d5 Qb6 5. Nd2 Nxd2 6. Bxd2 Qxb2 7.
Nf3 d6 8. e4 g6 9. Rb1 Qxa2 10.
Bc3 f6 11. Bb5+ Nd7 12. Ra1 Qxa1 13. Bxa1 Bg7 14. h5 Kf7 15. hxg6+ hxg6 16. Rxh8 Bxh8 17.
Ng5+ fxg5 18. Bxh8 a6 19. Be2 b5 20. Bg4 Nb6 21.
Qf3+ Kg8 22. Ba1 Bxg4 23. Qxg4 Rf8 24. Qxg5 Kh7 25. Qxe7+ 1-0

[Event "*** Monthly 3|2 Blitz Masters"]
[Site "Chess.com"]
[Date "2014.10.28"]
[Round "6"]
[White "Nouki"]
[Black "Danesz22"]
[Result "1-0"]
[WhiteElo "2597"]
[BlackElo "2417"]
[TimeControl "180+2"]
[EndTime "13:00:02 PDT"]
[Termination "Nouki won by resignation"]

1. d4 Nf6 2. c4 g6 3. Nc3 Bg7 4.
Nf3 O-O 5. e4 d6 6. Be2 Na6 7.
O-O e5 8. Be3 Ng4 9. Bg5 Qe8 10.
dxe5 dxe5 11. h3 h6 12. Bd2 Nf6 13. Qc1 Kh7 14. Rd1 Qe7 15. Nd5 Qe6 16. Nxf6+ Qxf6 17. c5 c6 18. Bxa6 bxa6 19. Bc3 Qe7 20. Qe3 Bb7 21. Rd6 Rad8 22. Rad1 f6 23. b3 Rxd6 24. cxd6 Qd7 25. Qxa7 c5 26. Nd2 Ra8 27. Qb6 Qc6 28. Qxc6 Bxc6 29. Ba5 Ra7 30. Nc4 Bf8 31. f3 Kg7 32. Bc7 Be7 33. Rd2 Kf7 34. Bb6 1-0

[Event "*** Monthly 3|2 Blitz Masters"]
[Site "Chess.com"]
[Date "2014.10.28"]
[Round "6"]
[White "oggy1984"]
[Black "DanielRensch"]
[Result "0-1"]
[WhiteElo "2217"]
[BlackElo "2342"]
[TimeControl "180+2"]
[EndTime "13:00:23 PDT"]
[Termination "DanielRensch won by checkmate"]

1. e4 c5 2. Ne2 Nc6 3. Nbc3 g6 4. g3 Bg7 5. Bg2 d6 6. O-O e6 7. h3 Nge7 8. d3 O-O 9. f4 Rb8 10.
g4 f5 11. exf5 exf5 12. Be3 fxg4 13. hxg4 Bxg4 14. Qd2 Qd7 15. Ng3 Rbe8 16. Nd5 Nxd5 17. Bxd5+ Kh8 18. c3 Ne7 19. Bh1 b6 20. Ne4 d5 21. Ng5 h6 22. Qh2 d4 23. cxd4 Nf5 24.
Bf2 Bxd4 25. Rae1 Bxf2+ 26. Kxf2 Qxd3 27. Nf7+ Kg7 28. Rxe8 Rxe8 29. Ne5 Qd4+ 30. Ke1 Ne3 31. Rg1 Qd1+ 32. Kf2 Qe2+ 33. Kg3 Nf5# 0-1

[Event "*** Monthly 3|2 Blitz Masters"]
[Site "Chess.com"]
[Date "2014.10.28"]
[Round "6"]
[White "liczner"]
[Black "mokerslag"]
[Result "1-0"]
[WhiteElo "2418"]
[BlackElo "2305"]
[TimeControl "180+2"]
[EndTime "13:00:40 PDT"]
[Termination "liczner won by resignation"]

1. e4 c5 2. Nf3 Nc6 3. Nc3 g6 4. d4 cxd4 5. Nxd4 Bg7 6. Nb3 Nf6 7. Be2 d6 8. O-O O-O 9. Re1 Bd7 10. Bf1 Rc8 11.
Nd5 Ne5 12. c3 Nc4 13. a4 Bg4 14. Nxf6+ Bxf6 15. Qxg4 Qb6 16. Bxc4 Rxc4 17. Nd2 Rc5 18. Nf3 Qb3 19. Qg3 Ra5 20. h4 Rxa4 21. Rxa4 Qxa4 22.
e5 dxe5 23. Nxe5 Bxh4 24. Qf3 Bf6 25. Ng4 Bg7 26. Rxe7 Qa1 27. Re1 h5 28. Nf6+ Kh8 29. Nd7 Qxc1 30. Rxc1 1-0

[Event "*** Monthly 3|2 Blitz Masters"]
[Site "Chess.com"]
[Date "2014.10.28"]
[Round "6"]
[White "gumersindo"]
[Black "SabinaFoisor"]
[Result "1/2-1/2"]
[WhiteElo "2150"]
[BlackElo "2241"]
[TimeControl "180+2"]
[EndTime "13:02:00 PDT"]
[Termination "Game drawn by agreement"]

1. d4 d5 2. c4 c6 3. Nf3 Nf6 4.
Nc3 a6 5. cxd5 cxd5 6. Bf4 Nc6 7.
e3 Bg4 8. Qb3 Ra7 9. Ne5 e6 10. Nxg4 Nxg4 11. Be2 Nf6 12. O-O Bd6 13. Bxd6 Qxd6 14. Rfc1 O-O 15. Na4 Nd7 16. Nb6 Nxd4 17. exd4 Qxb6 18. Qxb6 Nxb6 19. Rc7 Rc8 20. Rac1 Raa8 21.
g3 Kf8 22. R1c3 Ke8 23. Rxb7 Rxc3 24. bxc3 Nd7 25. Bd1 Rb8 26. Rxb8+ Nxb8 27. Ba4+ Ke7 28.
Kf1 Kd6 29. Ke2 f6 30. f4 Kc7 31. Kd3 a5 32. Bb5 Kb6 33. a4 Kc7 34. c4 Kd6 35. c5+ Kc7 36. Ke3 Nc6 37. Bxc6 Kxc6 38. g4 g5 39. f5 exf5 40. gxf5 h5 41. Kf3 Kc7 1/2-1/2

[Event "*** Monthly 3|2 Blitz Masters"]
[Site "Chess.com"]
[Date "2014.10.28"]
[Round "6"]
[White "AlmirDzhumaev"]
[Black "dsanchez1973"]
[Result "1-0"]
[WhiteElo "2197"]
[BlackElo "1836"]
[TimeControl "180+2"]
[EndTime "13:02:33 PDT"]
[Termination "AlmirDzhumaev won by resignation"]

1. e4 e6 2. Nc3 d5 3. g3 d4 4.
Nce2 c5 5. d3 Nc6 6. Bg2 Bd7 7.
f4 Nf6 8. h3 Be7 9. Nf3 h6 10.
Bd2 Qc7 11. a3 a6 12. c4 Rb8 13. e5 Ng8 14. a4 Bd8 15. a5 Nge7 16. g4 Ng6 17. O-O O-O 18. Ng3 f6 19. exf6 Bxf6 20. Nh5 e5 21. f5 Nge7 22. Qc1 Kh7 23. h4 Be8 24. Nxf6+ Rxf6 25. h5 Nxf5 26. gxf5 Rxf5 27. Ng5+ Rxg5 28. Bxg5 hxg5 29. Qxg5 Qe7 30. Be4+ Kg8 31. Bd5+ Kh8 32. Qxe7 Nxe7 33. Rf8+ Kh7 34. Bf7 Bxf7 35. Rxb8 Bxh5 36. Rxb7 Nc6 37. Rb6 Nb4 38. Rxb4 cxb4 39. Re1 Bg6 40. c5 e4 41. dxe4 Be8 42. Rd1 Kg6 43. Rxd4 Kf6 44. Rxb4 Ke5 45. Kf2 Bc6 46.
Ke3 Bb5 47. Rxb5 1-0

[Event "*** Monthly 3|2 Blitz Masters"]
[Site "Chess.com"]
[Date "2014.10.28"]
[Round "6"]
[White "exoticprincess"]
[Black "GeorgMeier"]
[Result "1-0"]
[WhiteElo "2691"]
[BlackElo "2531"]
[TimeControl "180+2"]
[EndTime "13:02:45 PDT"]
[Termination "exoticprincess won on time"]

1. b3 Nf6 2. Bb2 d5 3. e3 g6 4. Bxf6 exf6 5. d4 f5 6. g3 Nd7 7. Bg2 Nf6 8. Ne2 c6 9. O-O Bd6 10. c4 Be6 11. Qd3 h5 12. Nbc3 a6 13. cxd5 cxd5 14.
Rac1 O-O 15. Na4 Ne4 16. Nc5 Qe7 17. b4 a5 18. a3 axb4 19. axb4 Ra2 20. Nc3 Rd2 21.
Qb5 Nxc3 22. Rxc3 h4 23. Qb6 hxg3 24. hxg3 Ra8 25. Nxb7 Bxb4 26. Rc7 Qf8 27. Qb5 Raa2 28. Bxd5 Bxd5 29. Qxd5 Qe8 30. Nd8 Be7 31. Rc8 Bf8 32. Rc7 Be7 33. Rc8 Bf8 34. Rb8 Qe7 35. Rb7 1-0

[Event "*** Monthly 3|2 Blitz Masters"]
[Site "Chess.com"]
[Date "2014.10.28"]
[Round "6"]
[White "MichiganEagle"]
[Black "ilmago"]
[Result "1-0"]
[WhiteElo "2286"]
[BlackElo "1764"]
[TimeControl "180+2"]
[EndTime "13:02:51 PDT"]
[Termination "MichiganEagle won on time"]

1. d4 Nf6 2. Nf3 g6 3. g3 Bg7 4.
Bg2 O-O 5. O-O d6 6. a4 Nbd7 7.
a5 e5 8. c4 exd4 9. Nxd4 a6 10. Nc3 Re8 11. e4 Nc5 12. h3 Ncxe4 13. Nd5 Nxd5 14.
cxd5 Qf6 15. Ne2 Nc5 16. Ra3 Bf5 17. b4 Nd7 18. Be3 Ne5 19. Rc3 Rac8 20. Nd4 Bd7 21. Qc1 c5 22. bxc5 dxc5 23. Bg5 Nf3+ 24. Rxf3 Qxd4 25.
Rd1 Qe5 26. Bf4 Qe4 27. Rb3 Qe2 28. Bf3 Qa2 29. Ra3 Qb2 30. Qxb2 Bxb2 31. Ra2 Bd4 32. d6 Rb8 33. Rb1 1-0

[Event "*** Monthly 3|2 Blitz Masters"]
[Site "Chess.com"]
[Date "2014.10.28"]
[Round "6"]
[White "wannabe2700"]
[Black "VovAn1991"]
[Result "0-1"]
[WhiteElo "2254"]
[BlackElo "2325"]
[TimeControl "180+2"]
[EndTime "13:03:11 PDT"]
[Termination "VovAn1991 won by checkmate"]

1. d4 Nf6 2. c4 g6 3. Nc3 Bg7 4.
e4 d6 5. Nf3 O-O 6. Be2 e5 7.
O-O Nbd7 8. Re1 Re8 9. dxe5 dxe5 10. Be3 c6 11. Qc2 Nf8 12. Rad1 Qc7 13. Bc5 Nh5 14. Bd6 Qb6 15. Na4 Qa6 16. Nc5 Qa5 17. Nd2 Nf4 18. Bf1 Qd8 19. Nf3 Qf6 20. Qc3 Bg4 21. Re3 b6 22. Na6 Rad8 23. Nc7 Re6 24. Nxe6 Qxe6 25.
g3 Rxd6 26. Rxd6 Qxd6 27. gxf4 exf4 28. e5 fxe3 29. exd6 Bxc3 30. Ng5 exf2+ 31. Kxf2 Bxb2 32. Kg3 h5 33. Ne4 Be5+ 34. Kf2 f5 35. Ng5 Bxd6 36. h3 Bd1 37. Bd3 Bf4 38. h4 Bxg5 39. hxg5 Ne6 40. Kg3 Nxg5 41. Kh4 Ne6 42. Kg3 Kf7 43.
Kh4 Kf6 44. Kg3 g5 45. Kh3 h4 46. Kg2 Nf4+ 47. Kf2 Nxd3+ 48. Ke3 Nf4 49. Kd4 Bf3 50. Ke3 Be4 51. Kd4 c5+ 52. Ke3 h3 53. a4 h2 54. a5 h1=Q 55. axb6 Qe1# 0-1

[Event "*** Monthly 3|2 Blitz Masters"]
[Site "Chess.com"]
[Date "2014.10.28"]
[Round "6"]
[White "GMNeiksans"]
[Black "David_Klein"]
[Result "1-0"]
[WhiteElo "2494"]
[BlackElo "2358"]
[TimeControl "180+2"]
[EndTime "13:03:16 PDT"]
[Termination "GMNeiksans won by resignation"]

1. Nf3 Nf6 2. g3 d5 3. Bg2 e6 4. O-O Be7 5. d3 O-O 6. Nbd2 b5 7. e4 c5 8. e5 Nfd7 9. Re1 Nc6 10. Nf1 a5 11. h4 b4 12. N1h2 Ba6 13. Ng4 a4 14. a3 b3 15. c3 Bc8 16. Bf4 Ra6 17. Qd2 Kh8 18. h5 f5 19. exf6 Nxf6 20. Nxf6 gxf6 21.
d4 Na5 22. Rab1 Qe8 23. h6 Nc4 24. Qe2 Qf7 25. Nd2 Nxd2 26. Bxd2 Ra7 27. Bh3 f5 28. Bf4 c4 29. Bg2 Bf6 30. Bf3 Qe7 31.
Qe3 Bd7 32. Bxd5 Ra6 33. Bxc4 Rb6 34. d5 Rb7 35. Rbd1 Re8 36. dxe6 Bc6 37. Bd5 Bxd5 38. Rxd5 Kg8 39. Rxf5 Bh8 40. Rg5+ Kf8 41. Be5 Bxe5 42. Qxe5 Qc7 43. Qh8+ Ke7 44. Rg7+ Kd8 45. Rd1+ 1-0

[Event "*** Monthly 3|2 Blitz Masters"]
[Site "Chess.com"]
[Date "2014.10.28"]
[Round "6"]
[White "lorcho"]
[Black "HZMC92"]
[Result "1-0"]
[WhiteElo "2480"]
[BlackElo "2151"]
[TimeControl "180+2"]
[EndTime "13:03:17 PDT"]
[Termination "lorcho won by resignation"]

1. e4 c5 2. Nc3 d6 3. d3 Nc6 4. g3 g6 5. Bg2 Bg7 6. f4 e6 7. Nf3 Nge7 8. O-O b6 9. Be3 Ba6 10.
a4 Rb8 11. Rf2 O-O 12. d4 cxd4 13. Nxd4 Nxd4 14. Bxd4 Qc7 15. Nb5 Bxb5 16. axb5 Bxd4 17. Qxd4 Rb7 18. Rd2 Qc5 19. Qxc5 dxc5 20. c4 Rc7 21. Rad1 Kg7 22. Rd7 Rfc8 23. g4 Kf8 24. Rd8+ Rxd8 25. Rxd8+ Kg7 26. Bf3 Kf6 27. e5+ Kg7 28.
Kf2 g5 29. fxg5 Ng6 30. Be2 Nxe5 31. h4 Rd7 32. Rxd7 Nxd7 33. Ke3 h6 34. gxh6+ Kxh6 35. Kf4 Kg6 36. Bd3+ Kg7 37. Be4 f6 38. b3 Ne5 39. g5 Nd7 40. h5 f5 41. Bc6 Nf8 42. Be8 Nh7 43. h6+ Kf8 44. Bg6 Kg8 45. Bh5 Nf8 46.
Ke5 Kh7 47. Kf6 f4 48. Kf7 Nd7 49. Kxe6 Nf8+ 50. Kf7 Nd7 51. Ke6 Nf8+ 52. Kf5 Nd7 53. Kxf4 Nb8 54. Bg4 a6 55. Bf5+ Kg8 56. g6 axb5 57.
Be6+ Kf8 58. g7+ Ke7 59. g8=Q 1-0

[Event "*** Monthly 3|2 Blitz Masters"]
[Site "Chess.com"]
[Date "2014.10.28"]
[Round "6"]
[White "jbj"]
[Black "XeresLt"]
[Result "1-0"]
[WhiteElo "2297"]
[BlackElo "2271"]
[TimeControl "180+2"]
[EndTime "13:03:36 PDT"]
[Termination "jbj won by checkmate"]

1. e4 c5 2. d4 cxd4 3. c3 dxc3 4. Nxc3 d6 5. Nf3 Nc6 6. Bc4 a6 7. O-O Nf6 8. Be3 g6 9. Ng5 Ne5 10. Bb3 h6 11. f4 hxg5 12. fxe5 Bg4 13. Bxf7+ Kxf7 14.
Qxg4 dxe5 15. Qxg5 Bh6 16. Qg3 Bxe3+ 17. Qxe3 Kg7 18.
Rad1 Qc8 19. h3 Qc6 20. Nd5 Rae8 21. Qg5 Rh5 22. Qe3 Rh4 23. Rc1 Qd6 24. Nxf6 exf6 25. Rcd1 Qe6 26. Rd5 Re7 27. Qd3 Rf4 28. Rc1 Qb6+ 29.
Kh2 Qxb2 30. Rc8 Qb4 31. Rdd8 Qxe4 32. Rg8+ Kh6 33. Rh8+ Kg5 34. Qg3+ Kf5 35. Rhg8 g5 36. Qa3 Rf1 37. g4+ Kf4 38. Qg3# 1-0